 Dungeon Crawl Stone Soup version 0.16-a0-3612-g267631e (webtiles) character file.

3602 Gronka the Cleaver (level 9, 0/82 HPs)
             Began as a Minotaur Fighter on Jan 13, 2015.
             Was a Priest of Okawaru.
             Succumbed to a gnoll sergeant's poison
             ... on level 9 of the Dungeon.
             The game lasted 00:18:22 (5914 turns).

Gronka the Cleaver (Minotaur Fighter)               Turns: 5914, Time: 00:18:23

Health: 0/82       AC:  9    Str: 24    XL:     9   Next: 86%
Magic:  3/4        EV: 16    Int:  5    God:    Okawaru [***...]
Gold:   455        SH:  0    Dex: 12    Spells: 0 memorised, 8 levels left

rFire  . . .     SeeInvis .     B - +0 battleaxe
rCold  . . .     Clarity  .     b - +0 scale mail (curse)
rNeg   . . .     SustAb   .     (no shield)
rPois  .         Gourm    .     (helmet restricted)
rElec  .         Spirit   .     (no cloak)
rCorr  .         Warding  .     (no gloves)
rMut   .         Stasis   .     (no boots)
MR     .....                    f - amulet of rage
Stlth  +.........               u - +2 ring of dexterity
                                l - ring of invisibility

@: lethally poisoned, heroism, hasted, very quick, not resistant to hostile
enchantments, very unstealthy
A: retaliatory headbutt, horns 2
a: Heroism, Renounce Religion, Evoke Berserk Rage, Evoke Invisibility


You were on level 9 of the Dungeon.
You worshipped Okawaru.
Okawaru was most pleased with you.
You were not hungry.

You visited 2 branches of the dungeon, and saw 10 of its levels.

You collected 455 gold pieces.

Inventory:

Hand weapons
 a - a +0 war axe
 B - a +0 battleaxe (weapon)
Armour
 b - a cursed +0 scale mail (worn)
 c - a +0 shield
Jewellery
 f - an amulet of rage (around neck)
 l - a ring of invisibility (left hand)
 o - an uncursed ring of teleportation
 u - a +2 ring of dexterity (right hand)
 K - a +6 ring of slaying {unknown}
Magical devices
 t - a wand of draining (6)
 w - a wand of confusion (28)
 I - a wand of flame (18)
 Q - a wand of random effects (18)
Scrolls
 g - 4 scrolls of identify
 i - a scroll of teleportation
 p - 2 scrolls of immolation
 q - 2 scrolls of amnesia
 r - 3 scrolls of remove curse
 s - a scroll of recharging {unknown}
 v - a scroll of holy word {unknown}
 y - a scroll of magic mapping {unknown}
 z - a scroll of enchant armour {unknown}
 D - a scroll of noise {unknown}
 H - a scroll of enchant weapon {unknown}
 J - 3 scrolls of fear
 N - a scroll of fog {unknown}
 P - a scroll of random uselessness {unknown}
Potions
 e - 4 potions of might
 h - a potion of haste
 j - 4 potions of brilliance
 k - 2 potions of curing {unknown}
 x - a potion of flight {unknown}
 E - a potion of agility {unknown}
 F - a potion of beneficial mutation {unknown}
 G - a potion of degeneration {unknown}
 L - a potion of restore abilities {unknown}
 M - a potion of berserk rage {unknown}
 O - 2 potions of poison {unknown}
Comestibles
 d - 2 bread rations
 n - 10 fruits
 A - a slice of pizza
 C - 2 meat rations


   Skills:
 + Level 8.7(13.7) Fighting
 + Level 9.0(14.0) Axes
 + Level 8.8(13.8) Armour
 + Level 7.0(12.0) Dodging
 + Level 1.2(6.2) Stealth
 + Level 5.6(10.6) Shields
 + Level 0.4 Evocations


You had 8 spell levels left.
You didn't know any spells.

Dungeon Overview and Level Annotations

Branches:
Dungeon (9/15)             Temple (1/1) D:5
   Lair: D:8-11         Orc: D:9-12

Altars:
Ashenzari
Cheibriados
Dithmenos
Elyvilon
Fedhas
Kikubaaqudgha
Makhleb
Okawaru
Qazlal
Ru
Sif Muna
Vehumet
Xom
Yredelemnul
Zin
The Shining One


Innate Abilities, Weirdness & Mutations

You reflexively headbutt those who attack you in melee.
You have a pair of horns on your head.


Message History

* * * LOW HITPOINT WARNING * * *
As you read the scroll labeled SOT EDAS KIPPUPSU, it crumbles to dust.
You feel strangely unstable.
It was a scroll of teleportation.
* * * LOW HITPOINT WARNING * * *
You feel sick.
The gnoll hits you from afar with a spear.
* * * LOW HITPOINT WARNING * * *
The gnoll hits you but does no damage. x2
* * * LOW HITPOINT WARNING * * *
You feel sick. The gnoll hits you with a whip.
* * * LOW HITPOINT WARNING * * *
* * * LOW HITPOINT WARNING * * *
You feel sick.
Your surroundings suddenly seem different.
* * * LOW HITPOINT WARNING * * *
You feel sick.
Found a scimitar.
Drink which item? (? for menu, Esc to quit)
It was a potion of haste.
You feel yourself speed up.
You die...

############
#...........
#...........
#........)...
#...@........
#..##.####+##
#. .# # .# .+
.# ##


There were no monsters in sight!

Vanquished Creatures
  Pikel (D:7)
  A deep elf mage (D:9)
  2 hippogriffs
  Edmund (D:7)
  Menkaure (D:6)
  2 phantoms
  2 slaves (D:7)
  3 ogres
  3 ice beasts
  2 orc warriors
  2 centaurs
  3 giant frogs
  A crocodile (D:8)
  Blork the orc (D:8)
  2 scorpions (D:7)
  2 crimson imps
  A centaur zombie (D:8)
  A wasp zombie (D:8)
  2 jellies (D:5)
  7 iguanas
  4 hounds
  4 orc wizards
  A centaur skeleton (D:8)
  4 worker ants
  Ijyb (D:7)
  Terence (D:3)
  3 worker ant zombies
  12 adders
  2 gnolls (D:9)
  2 shadow imps
  A worm (D:5)
  An adder zombie (D:5)
  3 giant geckos
  3 oozes
  30 orcs
  18 bats
  A bat skeleton (D:6)
  2 giant cockroaches
  18 goblins
  11 hobgoblins
  6 jackals
  14 kobolds
  A quokka (D:4)
  8 giant newts
  10 rats
201 creatures vanquished.

Vanquished Creatures (others)
  A hound (D:7)
1 creature vanquished.

Grand Total: 202 creatures vanquished

Notes
Turn   | Place    | Note
--------------------------------------------------------------
     0 | D:1      | Gronka, the Minotaur Fighter, began the quest for the Orb.
     0 | D:1      | Reached XP level 1. HP: 19/19 MP: 1/1
   184 | D:1      | Reached XP level 2. HP: 21/27 MP: 1/1
   274 | D:1      | Reached skill level 4 in Shields
   565 | D:2      | Reached XP level 3. HP: 14/33 MP: 2/2
   823 | D:2      | Reached skill level 1 in Dodging
   982 | D:3      | Noticed Terence
   999 | D:3      | Killed Terence
  1085 | D:3      | Reached XP level 4. HP: 36/40 MP: 2/2
  2084 | D:5      | Entered Level 5 of the Dungeon
  2137 | D:5      | Noticed an ogre
  2147 | D:5      | Killed an ogre
  2147 | D:5      | Reached XP level 5. HP: 40/47 MP: 2/2
  2189 | D:5      | Found a radiant altar of Vehumet.
  2276 | D:5      | Reached XP level 6. HP: 37/53 MP: 3/3
  2369 | D:5      | Reached skill level 5 in Shields
  2371 | D:5      | Found a staircase to the Ecumenical Temple.
  2392 | Temple   | Entered the Ecumenical Temple
  2403 | Temple   | Became a worshipper of Warmaster Okawaru
  2539 | D:5      | Reached skill level 5 in Armour
  2546 | D:5      | Found a burning altar of Makhleb.
  3013 | D:6      | Reached skill level 5 in Fighting
  3049 | D:6      | Reached XP level 7. HP: 50/61 MP: 3/3
  3283 | D:6      | Acquired Okawaru's first power
  3344 | D:6      | Noticed Menkaure
  3352 | D:6      | Killed Menkaure
  3352 | D:6      | Reached skill level 6 in Armour
  3379 | D:6      | Reached skill level 5 in Axes
  3814 | D:7      | Reached XP level 8. HP: 58/70 MP: 3/3
  3913 | D:7      | Noticed Edmund
  3925 | D:7      | Reached skill level 5 in Dodging
  3938 | D:7      | Killed Edmund
  3958 | D:7      | Reached skill level 7 in Armour
  4024 | D:7      | Noticed Ijyb
  4030 | D:7      | Killed Ijyb
  4164 | D:7      | Noticed Pikel
  4174 | D:7      | Killed Pikel
  4174 | D:7      | Reached skill level 1 in Stealth
  4313 | D:7      | Reached XP level 9. HP: 64/79 MP: 4/4
  4710 | D:8      | Reached skill level 8 in Armour
  4945 | D:8      | Noticed Blork the orc
  4951 | D:8      | Killed Blork the orc
  5638 | D:8      | Found a blossoming altar of Fedhas.
  5639 | D:8      | Found a basalt altar of Yredelemnul.
  5904 | D:9      | Reached skill level 9 in Axes
  5911 | D:9      | HP: 4/82 [gnoll/whip (5)]
  5914 | D:9      | Succumbed to a gnoll sergeant's poison

Action                   |  1- 3 |  4- 6 |  7- 9 || total
-------------------------+-------+-------+-------++-------
Melee: War axe           |   121 |   147 |       ||   268
       Battleaxe         |       |    11 |   241 ||   252
Invok: Heroism           |       |       |     1 ||     1
 Abil: Evoke Berserk Rag |       |     2 |       ||     2
  Use: Scroll            |     4 |       |     4 ||     8
       Potion            |       |       |     4 ||     4
  Eat: Bread ration      |       |     3 |     1 ||     4
       Chunk             |       |     1 |       ||     1
